 Dungeon Crawl Stone Soup version 0.27-a0-1296-g8ece459b43 (console) character file.

Game seed: 8382629637268160402

29 Hector the Cutter (level 3, -4/19 HPs)
             Began as a Spriggan Abyssal Knight on June 16, 2021.
             Was a Follower of Lugonu.
             Slain by an orc (6 damage)
             ... on level 2 of the Dungeon.
             The game lasted 00:04:16 (2139 turns).

Hector the Cutter (Spriggan Abyssal Knight)         Turns: 2139, Time: 00:04:16

Health: -4/19      AC:  2    Str:  8    XL:     3   Next: 1%
Magic:  5/5        EV: 17    Int: 14    God:    Lugonu [*.....]
Gold:   40         SH:  0    Dex: 14    Spells: 5/5 levels left

rFire    . . .     SeeInvis +   a - +1 short sword
rCold    . . .     Faith    .   (shield restricted)
rNeg     . . .     Spirit   .   b - +0 robe
rPois    .         Reflect  .   (helmet restricted)
rElec    .         Harm     .   (no cloak)
rCorr    .         Rampage  .   (gloves unavailable)
Will     +....                  (boots unavailable)
Stlth    +.........             (no amulet)
HPRegen  0.06/turn              k - ring of willpower
MPRegen  0.09/turn              (no ring)

@: very quick
A: very small, no large weapons, unfitting armour, see invisible, speed 3, [low
mp 2]
a: Renounce Religion, Depart the Abyss


You were on level 2 of the Dungeon.
You worshipped Lugonu.
Lugonu was aware of your devotion.
You visited 1 branch of the dungeon, and saw 2 of its levels.
You visited the Abyss 1 time.

You collected 40 gold pieces.

Inventory:

Hand Weapons
 a - a +1 short sword (weapon)
Missiles
 f - 2 throwing nets
 h - 15 poisoned darts
 i - 46 stones
Armour
 b - a +0 robe (worn)
Jewellery
 k - a ring of willpower (left hand)
Scrolls
 c - 3 scrolls of teleportation {unknown}
 d - a scroll of silence {unknown}
 j - a scroll of acquirement {unknown}
Potions
 e - a potion of lignification {unknown}
 g - a potion of heal wounds {unknown}
 l - 2 potions of berserk rage {unknown}


   Skills:
 - Level 2.4 Fighting
 * Level 3.4 Short Blades
 - Level 3.2 Dodging
 * Level 1.6 Spellcasting
 - Level 1.7 Invocations


You had 5 spell levels left.
You didn't know any spells.
Your spell library was empty.

Dungeon Overview and Level Annotations

Branches:
Dungeon (2/15)

Altars:


Innate Abilities, Weirdness & Mutations

You are very small and have problems with some larger weapons.
You are too small for most types of armour.
You have supernaturally acute eyesight. (SInv)
You cover ground extremely quickly. (Speed+++)
[Your magical capacity is very low. (-20% MP)]


Message History

Your experience leads to an increase in your attributes!
Increase (S)trength, (I)ntelligence, or (D)exterity?
You feel clever.
j - a scroll labelled QEIDE ISOIKI HP restored.
There is a stone staircase leading up here.
k - a ring of willpower
k - a ring of willpower (left hand)
An orc wizard comes into view. It is wielding a +0 dagger.
Found 11 gold pieces.
You now have 40 gold pieces (gained 11).
Found 2 sapphire potions.
l - 2 sapphire potions An orc comes into view.
It is wielding a +0 falchion.
You hit the orc but do no damage. The orc hits you with a +0 falchion.
You hit the orc but do no damage. The orc closely misses you.
You hit the orc but do no damage. The orc closely misses you.
You hit the orc.
The orc is heavily wounded.
The orc hits you with a +0 falchion.
You completely miss the orc.
The orc is heavily wounded.
The orc barely misses you.
You hit the orc but do no damage.
The orc is heavily wounded.
The orc hits you with a +0 falchion.
You barely miss the orc.
The orc is heavily wounded.
The orc misses you.
You closely miss the orc.
The orc is heavily wounded.
The orc barely misses you.
You hit the orc.
The orc is severely wounded.
The orc hits you with a +0 falchion.
* * * LOW HITPOINT WARNING * * *
You closely miss the orc.
The orc is severely wounded.
The orc hits you with a +0 falchion.
You die...

#.##.# .#.###########.##
#.##.# .#.........o.....
#.##.# .###.#########o#.#
#.##.####.#♣♣.♣♣#######.#.###
##.##..<....♣..P♣.............
#...#####.##♣P.P♣#..##...#.###
#...........♣P.P♣...##.###
#...#####.##♣♣o♣♣#.###.#
####.######.####@# #.# #.#
.................# #.# #.#
###########.########.# #.#
#..........# #.. ############
###


You could see an orc.

Vanquished Creatures
  A dart slug (D:1)
  A ball python (D:1)
  An endoplasm (D:1)
  2 giant cockroaches
  4 goblins (D:1)
  2 hobgoblins (D:1)
  4 jackals (D:1)
  2 bats (D:1)
  2 frilled lizards (D:1)
  2 kobolds (D:1)
  2 rats (D:1)
23 creatures vanquished.

Vanquished Creatures (others)
  3 plants (D:2)
3 creatures vanquished.

Grand Total: 26 creatures vanquished

Notes
Turn   | Place    | Note
-------+----------+-------------------------------------------
     0 | Abyss:1  | Hector the Spriggan Abyssal Knight began the quest for the
                  | Orb.
     0 | Abyss:1  | Reached XP level 1. HP: 11/11 MP: 3/3
     0 | Abyss:1  | Found a corrupted altar of Lugonu.
    46 | Abyss:1  | Found a corrupted altar of Lugonu.
    48 | Abyss:1  | Noticed a ynoxinul
    68 | Abyss:1  | Noticed a wretched star
    70 | D:1      | Escaped the Abyss
   655 | D:1      | Reached skill level 1 in Spellcasting
   702 | D:1      | Reached XP level 2. HP: 16/16 MP: 4/4
  1104 | D:1      | Reached * piety under Lugonu
  1619 | D:1      | Found a faded altar of an unknown god.
  2015 | D:2      | Reached XP level 3. HP: 18/19 MP: 5/5
  2139 | D:2      | Slain by an orc

Illustrated notes

Levels and vault maps discovered:
D:1:      dpeg_arrival_arbitrary_b, layout_basic, ebering_ecumenical_altar_box
D:2:      layout_loops_ring, serial_forest, infiniplex_forest_zigzag_1,
          infiniplex_forest_straight_4, infiniplex_forest_end_2,
          infiniplex_forest_clump_small, infiniplex_forest_clump_small,
          infiniplex_forest_lined_ring, infiniplex_forest_straight_4,
          infiniplex_forest_clump_medium, infiniplex_forest_corner_1,
          basic_altar

Skill      XL: |  1  2 |
---------------+-------+-----
Spellcasting   | 1 |  1.6
Short Blades   | 3 |  3.4
Fighting       | |  2.4
Dodging        | |  3.2
Invocations    | |  1.7

Action                   || total
-------------------------++-------
Melee: Short sword       ||   111
Invok: Depart the Abyss  ||     1
Armor: Robe              ||    12
Dodge: Dodged            ||    75

Table legend: (Time is in decaauts)
 A = Elapsed time spent in this place.
 B = Non-inter-level travel time spent in this place.
 C = Inter-level travel time spent in this place.
 D = Time resting spent in this place.
 E = Time spent auto-exploring this place.
 F = Levels seen in this place.
 G = Mean time per level.
                   A        B        C        D        E       F      G
               +--------+--------+--------+--------+--------+-----+--------+
         Total |   1743 |   1633 |    110 |    442 |    893 |   3 |  581.0 |
       Dungeon |   1701 |   1591 |    110 |    442 |    865 |   2 |  850.5 |
         Abyss |     42 |     42 |      0 |      0 |     28 |   1 |   42.0 |
               +--------+--------+--------+--------+--------+-----+--------+

Top non-repeatable levels by time:
     D:1: 1602 daAuts
     D:2: 98 daAuts
 Abyss:1: 42 daAuts
